 Dungeon Crawl Stone Soup version 0.29.1-2-gbd0b4ee654 (webtiles) character file.

Game seed: 6819439275100448797

548 nshep25 the Chopper (level 7, -1/63 HPs)
             Began as a Minotaur Fighter on Nov 7, 2022.
             Slain by an ice beast (14 damage)
             ... on level 5 of the Dungeon.
             The game lasted 00:04:51 (3816 turns).

nshep25 the Chopper (Minotaur Fighter)              Turns: 3816, Time: 00:04:51

Health: -1/63      AC:  7    Str: 22    XL:     7   Next: 7%
Magic:  6/6        EV:  9    Int:  5    God:
Gold:   133        SH:  4    Dex: 10    Spells: 6/6 levels left

rFire   . . .      SeeInvis .   a - +0 war axe
rCold   . . .      Faith    .   c - +0 buckler
rNeg    . . .      Spirit   .   b - +0 scale mail
rPois   .          Reflect  .   (helmet restricted)
rElec   .          Harm     .   (no cloak)
rCorr   .          Rampage  .   (no gloves)
Will    .....                   (no boots)
Stlth   ..........              (no amulet)
HPRegen 0.20/turn               n - ring of flight
MPRegen 0.10/turn               (no ring)

@: flying
A: horns 2, retaliatory headbutt
a: no special abilities


You were on level 5 of the Dungeon.
You visited 1 branch of the dungeon, and saw 5 of its levels.

You collected 133 gold pieces.

Inventory:

Hand Weapons
 a - a +0 war axe (weapon)
Armour
 b - a +0 scale mail (worn)
 c - a +0 buckler (worn)
Jewellery
 i - an amulet of magic regeneration
 n - a ring of flight (left hand)
Wands
 t - a wand of flame (16)
Scrolls
 e - a scroll of fear {unknown}
 j - 3 scrolls of noise {unknown}
 m - a scroll of blinking {unknown}
 o - a scroll of vulnerability {unknown}
 p - 4 scrolls of identify {unknown}
 r - a scroll of enchant weapon {unknown}
 s - a scroll of brand weapon {unknown}
 u - a scroll of poison {unknown}
Potions
 d - 2 potions of might
 f - a potion of brilliance {unknown}
 g - 2 potions of attraction {unknown}
 h - a potion of heal wounds {unknown}
 k - 4 potions of curing
 l - a potion of haste {unknown}
 q - a potion of degeneration {unknown}


   Skills:
 * Level 6.0 Fighting
 * Level 6.1 Axes
 + Level 5.2 Armour
 + Level 1.3 Dodging
 + Level 4.4 Shields


You had 6 spell levels left.
You didn't know any spells.
Your spell library contained the following spells:

 Spells                   Type           Power      Damage    Failure   Level
 Shock                    Conj/Air       0%         1d3       86%         1
 Static Discharge         Conj/Air       0%         3-3/arc   95%         2
 Swiftness                Air            0%         N/A       99%         3
 Airstrike                Air            0%         2d(0-16)  100%        4
 Dispel Undead            Necr           0%         3d6       100%        4
 Sticky Flame             Conj/Fire      0%         2d3       100%        4


Dungeon Overview and Level Annotations

Branches:
Dungeon (5/15)
 Temple: D:4-7

Altars:


Innate Abilities, Weirdness & Mutations

You have a pair of horns on your head.
You reflexively headbutt those who attack you in melee.


Message History

You closely miss something. Your headbutt misses something. Something hits you.
* * * LOW HITPOINT WARNING * * *
Something hits you.
* * * LOW HITPOINT WARNING * * *
You block the phantom's attack.
You slash the phantom! Your headbutt misses the phantom.
The phantom is moderately damaged.
You closely miss something.
You hear some strange, mumbled words.
Something tries to affect you, but you resist.
The phantom hits you but does no damage.
You hit something but do no damage. Your headbutt misses something.
You closely miss the phantom. The phantom hits you.
* * * LOW HITPOINT WARNING * * *
Something hits you but does no damage.
You slash the phantom!
The phantom is almost destroyed.
You closely miss something. Something hits you.
* * * LOW HITPOINT WARNING * * *
The phantom barely misses you. You furiously retaliate!
You headbutt the phantom!
You destroy the phantom!
Your Fighting skill increases to level 6!
Your Axes skill increases to level 6!
You have reached level 7!
You slash something!
Reactivating autopickup.
You feel a bit more experienced.
You start resting.
An ice beast comes into view.
Things that are here:
a +0 club; an orc corpse
Things that are here:
a +0 dagger; a +0 chain mail; an orc corpse You barely miss the ice beast.
You headbutt the ice beast!
The ice beast is moderately wounded.
The ice beast hits you.
* * * LOW HITPOINT WARNING * * *
The ice beast freezes you!
You die...

... #......# ...
#......# ....
+......# .....
#......#
.....##+#......#
#.............#
#.............+
#......<†.)...#
#.......Y@))..#
#...........!.#
##....####........
#.... #.........
#.... +.........
#... #.........
.... ##+##+####


You could see an ice beast.

Vanquished Creatures
  A phantom (D:5)
  A scorpion (D:4)
  A howler monkey (D:5)
  2 hounds (D:4)
  2 orc wizards
  Natasha (thrice) (D:3)
  10 adders
  An ufetubus (D:5)
  A worm (D:2)
  A dart slug (D:1)
  10 orcs
  6 bats
  5 endoplasms
  5 giant cockroaches (D:1)
  8 goblins
  8 hobgoblins
  4 jackals (D:2)
  4 quokkas
  7 ball pythons
  4 frilled lizards
  8 kobolds
  5 rats
97 creatures vanquished.

Vanquished Creatures (others)
  2 fungi (D:2)
  A plant (D:2)
3 creatures vanquished.

Grand Total: 100 creatures vanquished

Notes
Turn   | Place    | Note
-------+----------+-------------------------------------------
     0 | D:1      | nshep25 the Minotaur Fighter began the quest for the Orb.
     0 | D:1      | Reached XP level 1. HP: 19/19 MP: 0/0
   224 | D:1      | Reached XP level 2. HP: 27/27 MP: 1/1
   684 | D:2      | Reached XP level 3. HP: 33/33 MP: 2/2
   981 | D:2      | Found a faded altar of an unknown god.
  1019 | D:2      | Reached XP level 4. HP: 33/41 MP: 3/3
  1929 | D:3      | Reached skill level 1 in Dodging
  2103 | D:3      | Noticed Natasha
  2106 | D:3      | Killed Natasha
  2107 | D:3      | Reached skill level 5 in Fighting
  2107 | D:3      | Reached XP level 5. HP: 42/48 MP: 4/4
  2215 | D:3      | Noticed Natasha
  2219 | D:3      | Killed Natasha
  2477 | D:3      | Noticed Natasha
  2489 | D:3      | Killed Natasha
  2629 | D:4      | Reached skill level 5 in Axes
  2759 | D:4      | Reached XP level 6. HP: 56/56 MP: 5/5
  3171 | D:4      | Reached skill level 5 in Armour
  3762 | D:5      | Entered Level 5 of the Dungeon
  3783 | D:5      | Reached XP level 7. HP: 7/63 MP: 6/6
  3816 | D:5      | Slain by an ice beast

Illustrated notes

Levels and vault maps discovered:
D:1:      scummos_arrival_hexagon, layout_loops_ring, minmay_worlds_worst_comb
D:2:      layout_rooms, shapermc_ecumenical_altar_acropolis, st_stairs_2
D:3:      layout_basic, nicolae_underground_beach, uniq_natasha
D:4:      layout_basic
D:5:      layout_gridville, gammafunk_ghost_necromancy, uniq_prince_ribbit1

Skill      XL: |  1  2  3  4  5  6 |
---------------+-------------------+-----
Armour         | 4 5 |  5.2
Fighting       | 4 5 6 |  6.0
Shields        | 4 |  4.4
Axes           | 3 4 5 6 |  6.1
Dodging        | 1 |  1.3

Action                   |  1- 3 |  4- 6 |  7- 9 || total
-------------------------+-------+-------+-------++-------
Melee: War axe           |    81 |   130 |     2 ||   213
       Headbutt          |    16 |    13 |     1 ||    30
Armor: Scale mail        |    53 |    88 |       ||   141
Dodge: Dodged            |    40 |    67 |       ||   107
Block: Buckler           |    16 |    28 |       ||    44
